 Dungeon Crawl Stone Soup version 0.30.0-5-g1a98f26d00 (webtiles) character file.

Game seed: 17774250137585769997

473 Esekla the Stinger (level 7, -1/50 HPs)
             Began as a Formicid Hedge Wizard on May 9, 2023.
             Was a Believer of Okawaru.
             Slain by a yak (6 damage)
             ... on level 5 of the Dungeon.
             The game lasted 00:26:27 (4691 turns).

Esekla the Stinger (Formicid Hedge Wizard)          Turns: 4691, Time: 00:26:28

Health: -1/50      AC:  5    Str: 15    XL:     7   Next: 32%
Magic:  13/13      EV: 12    Int: 15    God:    Okawaru [**....]
Gold:   188        SH:  0    Dex: 13    Spells: 8/14 levels left

rFire   . . .        a - +0 dagger
rCold   . . .        (no shield)
rNeg    . . .        b - +0 robe
rPois   .            (helmet unavailable)
rElec   .            t - +0 cloak
rCorr   .            (no gloves)
SInv    +            j - +1 pair of boots
Will    .....        (no amulet)
Stlth   ++           (no ring)
HPRegen 0.28/turn    (no ring)
MPRegen 0.13/turn

%: no passive effects
@: no status effects
A: permanent stasis, dig shafts and tunnels, antennae 3, four strong arms
a: Dig, Shaft Self, Renounce Religion, Heroism


You were on level 5 of the Dungeon.
You worshipped Okawaru.
Okawaru was pleased with you.
You visited 1 branch of the dungeon, and saw 5 of its levels.

You collected 188 gold pieces.

Inventory:

Hand Weapons
 a - a +0 dagger (weapon)
 n - a +0 spear
Missiles
 k - 2 throwing nets
 q - 6 poisoned darts (quivered)
Armour
 b - a +0 robe (worn)
 j - a +1 pair of boots (worn)
 t - a +0 cloak (worn)
Jewellery
 u - a ring of flight
Wands
 r - a wand of mindburst (9)
Scrolls
 e - a scroll of brand weapon {unknown}
 g - a scroll of amnesia {unknown}
 h - a scroll of blinking {unknown}
 i - a scroll of teleportation {unknown}
 l - 4 scrolls of identify {unknown}
 m - a scroll of enchant armour {unknown}
 s - 2 scrolls of fear {unknown}
 w - a scroll of acquirement {unknown}
 x - a scroll of fog {unknown}
Potions
 c - 2 potions of magic
 d - a potion of flight
 f - 3 potions of haste
 o - a potion of attraction {unknown}
 p - a potion of curing {unknown}
 v - a potion of cancellation {unknown}


   Skills:
 * Level 2.2 Fighting
 + Level 1.3 Short Blades
 + Level 0.5 Throwing
 + Level 2.3 Dodging
 + Level 3.2 Stealth
 + Level 4.0 Spellcasting
 * Level 2.3 Conjurations
 + Level 1.0 Summonings
 + Level 0.8 Translocations
 * Level 2.3 Air Magic
 + Level 4.6 Poison Magic


You had 8 spell levels left.
You knew the following spells:

 Your Spells              Type           Power      Damage    Failure   Level
a - Magic Dart            Conj           36%        1d4       7%          1
c - Mephitic Cloud        Conj/Pois/Air  12%        N/A       16%         3
v - Poisonous Vapours     Pois/Air       26%        N/A       7%          2

Your spell library contained the following spells:

 Spells                   Type           Power      Damage    Failure   Level
 Cigotuvi's Dreadful Rot  Necr/Pois/Air  18%        N/A       11%         2
 Slow                     Hex            12%        N/A       19%         1
 Lesser Beckoning         Tloc           10%        N/A       19%         2
 Gell's Gravitas          Tloc           5%         N/A       36%         3
 Teleport Other           Tloc           5%         N/A       36%         3
 Freezing Cloud           Conj/Ice/Air   3%         6-21      95%         5
 Dispersal                Tloc           2%         N/A       100%        6
 Blink                    Tloc           Unusable   N/A       N/A         2
 Call Imp                 Summ           Unusable   N/A       N/A         2

Dungeon Overview and Level Annotations

Branches:
Dungeon (5/15)
 Temple: D:4-7

Altars:
Hepliaklqana
Makhleb
Okawaru
Wu Jian
The Shining One


Innate Abilities, Weirdness & Mutations

You cannot be hasted, slowed, berserked, paralysed or teleported.
You can dig through walls and to a lower floor.
You have a pair of large antennae on your head. (SInv)
Your four strong arms can wield two-handed weapons with a shield.


Message History

Press: ? - help, Dir - move target, f/p - yak
Aim: a yak (heavily wounded, confused, poisoned) Poisonous vapours surround the yak!
The yak looks even sicker.
Casting: Poisonous Vapours (safe; 8% risk of failure)
Confirm with . or Enter, or press ? or * to list all spells.
Aiming: Poisonous Vapours (safe; 8% risk of failure)
Press: ? - help, Dir - move target, f/p - yak
Aim: a yak (severely wounded, confused, very poisoned) Poisonous vapours surround the yak!
The yak looks even sicker.
A yak is nearby!
You kill the yak!
Okawaru is honoured by your kill.
Your Fighting skill increases to level 2!
Your Stealth skill increases to level 3!
Your Spellcasting skill increases to level 4!
Your Air Magic skill increases to level 2!
You have reached level 7!
You start resting.
HP restored.
You start resting.
Magic restored.
Done exploring.
(D) Dungeon
Where to? (Enter - D:5, ? - help)
Things that are here:
a +0 dagger; an orc corpse
There is a stone staircase leading down, spattered with blood here.
You climb downwards.
A shadow imp comes into view.
The yak misses you. The yak closely misses you. The yak gores you! x2
There is a stone staircase leading up, spattered with blood here.
The yak attacks as you move away! The yak gores you!
* * * LOW HITPOINT WARNING * * *
The yak attacks as you move away! The yak closely misses you.
The yak gores you!
* * * LOW HITPOINT WARNING * * *
Okay, then.
Okay, then.
The yak attacks as you move away! The yak gores you.
You die...

. .. ##> ....
#.# #.#..
........
#.#.#.# ##
{.....
##<##.#.#.#..
#..@YY.......
#...Y#Y#.#.#.
#.............
##............
##.........#.
#.........##
##........#
#.....##5.
....... 5..


You could see 4 yaks and a shadow imp (wandering).

Vanquished Creatures
  A yak (D:4)
  2 hounds
  A gnoll bouda (D:4)
  6 adders
  9 gnolls
  2 worms (D:3)
  4 dart slugs
  2 orcs
  5 endoplasms
  2 giant cockroaches
  4 goblins
  5 hobgoblins
  6 jackals (D:3)
  6 quokkas
  4 ball pythons
  5 bats
  3 frilled lizards
  7 kobolds
  5 rats (D:1)
79 creatures vanquished.

Notes
Turn   | Place    | Note
-------+----------+-------------------------------------------
     0 | D:1      | Esekla the Formicid Hedge Wizard began the quest for the
                  | Orb.
     0 | D:1      | Reached XP level 1. HP: 13/13 MP: 4/4
   164 | D:1      | Reached skill level 1 in Conjurations
   288 | D:1      | Reached skill level 1 in Poison Magic
   288 | D:1      | Reached XP level 2. HP: 18/19 MP: 6/6
   701 | D:1      | Learned a level 2 spell: Poisonous Vapours
   870 | D:1      | Reached XP level 3. HP: 22/24 MP: 7/7
   874 | D:1      | Learned a level 3 spell: Mephitic Cloud
  1568 | D:2      | Reached skill level 1 in Air Magic
  1568 | D:2      | Reached XP level 4. HP: 31/31 MP: 1/9
  2151 | D:3      | Found a glowing golden altar of the Shining One.
  2255 | D:3      | Found a faded altar of an unknown god.
  2260 | D:3      | Prayed at the altar of an unknown god.
  2260 | D:3      | Became a worshipper of Warmaster Okawaru
  2260 | D:3      | Reached * piety under Okawaru
  2304 | D:2      | Reached XP level 5. HP: 4/36 MP: 0/10
  2558 | D:3      | Reached skill level 1 in Fighting
  2730 | D:3      | Found a burning altar of Makhleb.
  2905 | D:3      | Found an ornate altar of the Wu Jian Council.
  2926 | D:2      | Reached skill level 1 in Short Blades
  3528 | D:4      | Found a hazy altar of Hepliaklqana.
  3641 | D:4      | Reached XP level 6. HP: 43/43 MP: 11/11
  4328 | D:4      | Identified the +0 short sword "Cama" {flame, rElec rPois
                  | rN+}
  4386 | D:5      | Entered Level 5 of the Dungeon
  4386 | D:5      | Noticed a yak
  4386 | D:5      | Noticed a yak
  4386 | D:5      | Noticed a yak
  4386 | D:5      | Noticed a yak
  4387 | D:5      | Noticed a yak
  4389 | D:5      | Noticed a yak
  4584 | D:4      | Killed a yak
  4584 | D:4      | Reached ** piety under Okawaru
  4585 | D:4      | Reached XP level 7. HP: 38/50 MP: 2/13
  4691 | D:5      | Slain by a yak

Illustrated notes

Levels and vault maps discovered:
D:1:      dpeg_arrival_rhombi, layout_loops_ring
D:2:      layout_basic, kennysheep_generic_room_9
D:3:      layout_rooms, tso_oasis_becter, mainiacjoe_overflow_catwalk,
          demons_altar, nicolae_ecumenical_lake_church, serial_bayou_pond_e
D:4:      layout_loops_ring, nicolae_hepliaklqana_hazy_memory
D:5:      layout_cave_pools, lemuel_round_altar, xom_confusion_cloud,
          st_stairs_8, minmay_fountain_box, dilly_guarded_unrand_devastator

Skill      XL: |  1  2  3  4  5  6 |
---------------+-------------------+-----
Conjurations   | 1 2 |  2.3
Poison Magic   | 1 3 4 |  4.6
Dodging        | 2 |  2.3
Air Magic      | 1 2 |  2.3
Fighting       | 1 2 |  2.2
Short Blades   | 1 |  1.3
Stealth        | 3 |  3.2
Spellcasting   | 4 |  4.0
Throwing       | |  0.5
Summonings     | |  1.0
Translocations | |  0.8

Action                     |  1- 3 |  4- 6 |  7- 9 || total
---------------------------+-------+-------+-------++-------
  Melee: Dagger            |    85 |   134 |       ||   219
         Punch             |     2 |     1 |       ||     3
  Throw: Dart              |       |     6 |       ||     6
   Cast: Magic Dart        |    36 |     4 |       ||    40
         Poisonous Vapours |    10 |    64 |       ||    74
         Mephitic Cloud    |       |     7 |       ||     7
    Use: Potion            |       |     4 |       ||     4
   Stab: Sleeping          |     5 |     3 |       ||     8
         Confused          |       |     5 |       ||     5
 Armour: Robe              |    28 |    32 |       ||    60
  Dodge: Dodged            |    59 |    68 |     3 ||   130
